 Dungeon Crawl Stone Soup version 0.31-a0-844-gdc52ec4e09 (webtiles) character file.

Game seed: 16393608315149154808

185 Kurtz the Chopper (level 5, -1/36 HPs)
             Began as an Octopode Fighter on Sept 30, 2023.
             Killed by divine providence
             ... invoked by an orc priest
              (12 damage)
             ... on level 3 of the Dungeon.
             The game lasted 00:01:25 (2459 turns).

Kurtz the Chopper (Octopode Fighter)                Turns: 2459, Time: 00:01:26

Health: -1/36      AC:  1    Str: 17    XL:     5   Next: 64%
Magic:  5/5        EV: 13    Int: 10    God:
Gold:   127        SH:  4    Dex: 12    Spells: 4/4 levels left

rFire   . . .        a - +0 war axe
rCold   . . .        b - +0 buckler
rNeg    . . .        (helmet restricted)
rPois   .            (no amulet)
rElec   .            (no ring)
rCorr   .            (no ring)
SInv    .            (no ring)
Will    .....        (no ring)
Stlth   ++           (no ring)
HPRegen 0.26/turn    (no ring)
MPRegen 0.09/turn    (no ring)
                     (no ring)

%: no passive effects
@: no status effects
A: almost no armour, amphibious, 8 rings, camouflage 1, gelatinous body 1,
(nimble swimmer 1), tentacles
a: no special abilities


You were on level 3 of the Dungeon.
You visited 1 branch of the dungeon, and saw 3 of its levels.

You collected 127 gold pieces.

Inventory:

Hand Weapons
 a - a +0 war axe (weapon)
Armour
 b - a +0 buckler (worn)
Scrolls
 c - a scroll of silence {unknown}
 d - a scroll of poison {unknown}
 e - a scroll of fear {unknown}
 f - 3 scrolls of noise {unknown}
 g - 3 scrolls of identify {unknown}
 j - a scroll of amnesia {unknown}
Potions
 h - a potion of haste {unknown}
 i - a potion of degeneration {unknown}


   Skills:
 - Level 3.0 Fighting
 * Level 5.7 Axes
 - Level 3.0 Dodging
 - Level 3.0 Shields


You had 4 spell levels left.
You didn't know any spells.
Your spell library was empty.

Dungeon Overview and Level Annotations

Branches:
Dungeon (3/15)

Altars:

Shops:
D:1 [([(

Annotations:
D:2 1 runed translucent door, Crazy Yiuf


Innate Abilities, Weirdness & Mutations

You cannot wear most types of armour.
You are amphibious.
You can wear up to eight rings at the same time.
Your skin changes colour to match your surroundings (Stealth+).
Your rubbery body absorbs attacks. (AC +1, EV +1)
((You are camouflaged when in or above water. (Stealth+)))
You have tentacles for arms and can constrict up to eight enemies at once.


Message History

You squeeze the hobgoblin.
You kill the hobgoblin!
There is an open door here.
There is an open door here.
Key pressed, stopping explore.
No target in view!
No target in view!
You open the door.
There is an open door here.
A hobgoblin comes into view.
The hobgoblin shouts!
A hobgoblin is nearby!
A hobgoblin is nearby!
A hobgoblin is nearby!
You hit the hobgoblin. Your grab misses the hobgoblin.
The hobgoblin is heavily wounded.
The hobgoblin closely misses you.
You slash the hobgoblin!
You kill the hobgoblin!
An orc priest is nearby!
An orc priest is nearby!
An orc priest is nearby!
There are monsters nearby!
The orc priest mumbles some strange prayers to Beogh against you.
Beogh smites you!
There are monsters nearby!
The orc priest shouts!
The orc priest mumbles some strange prayers to Beogh against you.
Pain shoots through your body!
You are too injured to fight recklessly!
You are too injured to fight recklessly!
You are too injured to fight recklessly!
You are too injured to fight recklessly!
You slash the orc priest! Your grab misses the orc priest.
You squeeze the orc priest!
The orc priest is almost dead.
The orc priest miscasts a cantrip.
The orc priest calls down the wrath of Beogh upon you.
Beogh smites you!
You die...

#.....# ##.#.#......# #.#
#####.....# #.#.#.####.#
#.# ..........#
#...#.#..#.# #.#
.....###### #..>#.#..#.#
#.# .....######
#.###.#..#.# #.#
..........# #.# #....#.#
#.# ..........# #.#
###.##.# #.# ..........#
#.###.#.##.# #.#
..........####..@o.#.##.#
#.#
..................<#.##.#
#.#
.....##'#####.o###.#.##.#
#.# #########.$.##.#
#.#.##.# #.# #$8.8.#.#
#.#.##.#####.# #_...)'.#
#.#.##.......# #.8$8.###
#.#.########## ##$$o#
#.#.# #.#### #.#.#


You could see 2 orc priests.

Vanquished Creatures
  Natasha (twice) (D:2)
  4 gnolls
  3 adders
  A worm (D:2)
  3 dart slugs
  3 orcs
  2 bats
  5 endoplasms
  2 giant cockroaches (D:1)
  4 goblins
  8 hobgoblins
  4 jackals (D:3)
  2 kobolds
  A quokka (D:3)
  4 ball pythons
  3 frilled lizards (D:1)
  7 rats
58 creatures vanquished.

Notes
Turn   | Place    | Note
-------+----------+-------------------------------------------
     0 | D:1      | Kurtz the Octopode Fighter began the quest for the Orb.
     0 | D:1      | Reached XP level 1. HP: 16/16 MP: 1/1
    11 | D:1      | Found Hevallut's Weapon Shop.
    49 | D:1      | Found Demenwimo's Armour Boutique.
   178 | D:1      | Reached XP level 2. HP: 21/21 MP: 2/2
   215 | D:1      | Found Vonel's Magic Scroll Shop.
   301 | D:1      | Found Bemeyqoc's Armour Shop.
   355 | D:1      | Reached skill level 3 in Axes
   356 | D:1      | Reached XP level 3. HP: 13/26 MP: 3/3
   641 | D:1      | Found Acieho's Weapon Shoppe.
   777 | D:3      | Reached skill level 4 in Axes
   781 | D:3      | Reached XP level 4. HP: 6/31 MP: 4/4
  1344 | D:3      | Found a faded altar of an unknown god.
  1624 | D:2      | Reached skill level 5 in Axes
  1624 | D:2      | Reached XP level 5. HP: 34/36 MP: 5/5
  1958 | D:2      | Found a runed translucent door.
  1959 | D:2      | Noticed Crazy Yiuf
  2031 | D:2      | Noticed Natasha
  2034 | D:2      | Killed Natasha
  2167 | D:2      | Noticed Natasha
  2174 | D:2      | Killed Natasha
  2459 | D:3      | Killed from afar by an orc priest

Illustrated notes

Levels and vault maps discovered:
D:1:      psy_arrival_radial02, layout_basic, serial_shops,
          nicolae_shop_real_fake_doors, nicolae_shop_tiny_statue_garden, shop,
          nicolae_shop_trees, shop, chequers_hall_statues_wall_a,
          nicolae_the_louvre
D:2:      layout_rooms, serial_forest, infiniplex_forest_clump_small,
          infiniplex_forest_clump_long, infiniplex_forest_clump_small,
          infiniplex_forest_lined_room_2, infiniplex_forest_end_3,
          infiniplex_forest_end_2, minivault_11, uniq_natasha,
          uniq_crazy_yiuf_cottage
D:3:      layout_basic, ebering_ecumenical_altar_petrified, hex_medium,
          kennysheep_orc_chapel

Skill      XL: |  1  2  3  4 |
---------------+-------------+-----
Axes           | 3 4 5 |  5.7
Fighting       | |  3.0
Dodging        | |  3.0
Shields        | |  3.0

Action                     |  1- 3 |  4- 6 || total
---------------------------+-------+-------++-------
  Melee: War axe           |    42 |    57 ||    99
         Constrict         |    10 |    12 ||    22
         Tentacles         |     7 |    17 ||    24
         Punch             |     2 |     1 ||     3
    Use: Potion            |     1 |       ||     1
   Stab: Sleeping          |     3 |     8 ||    11
 Armour: Skin              |    22 |    19 ||    41
  Dodge: Dodged            |    25 |    23 ||    48
  Block: Buckler           |    12 |     5 ||    17

Table legend: (Time is in decaauts)
 A = Elapsed time spent in this place.
 B = Non-inter-level travel time spent in this place.
 C = Inter-level travel time spent in this place.
 D = Time resting spent in this place.
 E = Time spent auto-exploring this place.
 F = Levels seen in this place.
 G = Mean time per level.
                   A        B        C        D        E       F      G
               +--------+--------+--------+--------+--------+-----+--------+
         Total |   2491 |   2488 |      3 |    420 |   1689 |   3 |  830.3 |
       Dungeon |   2491 |   2488 |      3 |    420 |   1689 |   3 |  830.3 |
               +--------+--------+--------+--------+--------+-----+--------+

Top non-repeatable levels by time:
     D:3: 900 daAuts
     D:2: 854 daAuts
     D:1: 736 daAuts
